 Dungeon Crawl Stone Soup version 0.23.2-1-ga50397a (webtiles) character file.

Game seed: 17633351453215960044

86 Kahibar the Shield-Bearer (level 4, -1/40 HPs)
             Began as a Hill Orc Fighter on May 15, 2019.
             Killed from afar by an orc wizard (6 damage)
             ... with a puff of flame
             ... on level 2 of the Dungeon.
             The game lasted 00:25:59 (2885 turns).

Kahibar the Shield-Bearer (Hill Orc Fighter)        Turns: 2885, Time: 00:26:00

Health: -1/40      AC:  8    Str: 18    XL:     4   Next: 50%
Magic:  4/4        EV:  7    Int:  8    God:
Gold:   97         SH: 10    Dex: 11    Spells: 3/3 levels left

rFire    . . .     SeeInvis .   a - +0 war axe
rCold    . . .     Gourm    .   c - +1 shield
rNeg     . . .     Faith    .   u - +0 scale mail
rPois    .         Spirit   .   (no helmet)
rElec    .         Reflect  .   (no cloak)
rCorr    .         Harm     .   (no gloves)
MR       .....                  s - +0 pair of boots
Stlth    ..........             (no amulet)
HPRegen  0.13/turn              (no ring)
MPRegen  0.09/turn              (no ring)

@: hasted, very quick
A: no striking features
a: no special abilities


You were on level 2 of the Dungeon.
You were not hungry.

You visited 1 branch of the dungeon, and saw 3 of its levels.

You collected 97 gold pieces.

Inventory:

Hand Weapons
 a - a +0 war axe (weapon)
 b - a +2 hunting sling of velocity
Missiles
 g - 99 stones
 i - 14 sling bullets
 l - 3 needles of paralysis (quivered)
Armour
 c - a +1 shield (worn)
 s - a +0 pair of boots (worn)
 u - a +0 scale mail (worn)
Scrolls
 h - a scroll of random uselessness {unknown}
 p - 2 scrolls of remove curse
Potions
 d - a potion of lignification {unknown}
 e - a potion of degeneration {unknown}
 k - a potion of heal wounds {unknown}
 m - a potion of magic {unknown}
 q - 2 potions of invisibility
 r - a potion of curing {unknown}
Comestibles
 f - 4 rations
 j - 3 chunks of flesh


   Skills:
 + Level 4.1 Fighting
 + Level 3.4 Axes
 + Level 3.8 Armour
 + Level 1.0 Dodging
 + Level 4.2 Shields


You had 3 spell levels left.
You didn't know any spells.
Your spell library was empty.

Dungeon Overview and Level Annotations

Branches:
Dungeon (3/15)

Altars:
Elyvilon


Message History

Something hits you but does no damage.
You climb downwards.
Reactivating autopickup.
There is a stone staircase leading up here.
Something hits you but does no damage.
Deactivating autopickup; reactivate with Ctrl-A.
You climb upwards.
Reactivating autopickup.
There is a stone staircase leading down here.
You hear some strange, mumbled words.
A puff of flame appears from out of thin air!
Deactivating autopickup; reactivate with Ctrl-A.
The puff of flame hits you!
* * * LOW HITPOINT WARNING * * *
You feel yourself speed up.
You hear some strange, mumbled words.
Something tries to affect you, but you resist.
A puff of flame appears from out of thin air!
The puff of flame hits you.
You die...

.....###≈≈**#.........#####.>....
.....# *≈≈≈≈#....................
.....###≈*#≈#.........###........
####...###≈≈#........##..........
#......##≈≈≈#....................
≈.....≈#≈≈≈≈#....................
≈≈≈≈≈≈.≈≈≈≈≈#...........#........
≈.≈≈≈≈.≈≈≈≈≈#..........###.....).
≈.≈≈≈≈≈≈≈≈≈.#...@.....## ##....>.
≈≈≈≈≈.≈≈≈≈.≈##.....)..# #..>.##
.≈.≈≈.≈....####.......# #....#≈
#..######....##.......# ###.##≈
..#* #.##.....#..#.# #..... ##*
#.##........#.# ##.#... ######
#.##...#.#.##.# #..##.. .....#
#.##..^..#.##.### #.####≈
.....####.#..<...#..#...# #.##.#≈


There were no monsters in sight!

Vanquished Creatures
  2 adders
  An ooze (D:3)
  A dart slug (D:3)
  A leopard gecko (D:2)
  5 bats
  3 giant cockroaches
  11 goblins
  11 hobgoblins
  2 quokkas (D:2)
  4 frilled lizards
  9 kobolds
  6 rats
56 creatures vanquished.

Notes
Turn   | Place    | Note
-------+----------+-------------------------------------------
     0 | D:1      | Kahibar the Hill Orc Fighter began the quest for the Orb.
     0 | D:1      | Reached XP level 1. HP: 19/19 MP: 1/1
   332 | D:1      | Reached XP level 2. HP: 27/27 MP: 2/2
   942 | D:1      | Reached XP level 3. HP: 25/33 MP: 3/3
  1761 | D:2      | Found a white marble altar of Elyvilon.
  1948 | D:3      | Reached XP level 4. HP: 29/40 MP: 4/4
  2357 | D:2      | Reached skill level 1 in Dodging
  2885 | D:2      | Killed from afar by an orc wizard

Skill      XL: |  1  2  3  4 |
---------------+-------------+-----
Axes           | 3 |  3.4
Shields        | 4 |  4.2
Fighting       | 4 |  4.1
Dodging        | 1 |  1.0
Armour         | |  3.8

Action                   |  1- 3 |  4- 6 || total
-------------------------+-------+-------++-------
Melee: War axe           |   171 |    43 ||   214
 Fire: Hunting sling     |       |     9 ||     9
  Use: Scroll            |       |     6 ||     6
       Potion            |       |     3 ||     3
  Eat: Ration            |     1 |     1 ||     2
Armor: Scale mail        |    76 |    35 ||   111
Dodge: Dodged            |    80 |    20 ||   100
Block: Shield            |   125 |    40 ||   165
